Map: [ESL] Oceanborn

Players

Nicoract

  • Race: Terran Terran
  • Spawn Location: 11:00

AqueroN - Winner!

  • Race: Terran Terran
  • Spawn Location: 5:00

Event: ESL SC2 Masters 2024 Spring (Regional)

VOD

Have the link to the VOD?

Description

Time

  • Played on: April 12, 2024, 10:53 a.m.
  • Length: 12:07

All games in this series

Show
View Real Time Build Order
Export as new Build Order

Nicoract Terran 

Build Orders:  

Get SALT Encoding   

  12  0:00  SCV  
  13  0:12  SCV  
  14  0:17  Supply Depot  
  14  0:24  SCV  
  15  0:38  SCV  
  15  0:40  Barracks  
  16  0:43  Refinery  
  16  0:50  SCV  
  16  0:52  Refinery  
  17  1:03  SCV  
  18  1:15  SCV  
  19  1:27  Orbital Command, Reaper  
  19  1:28  Supply Depot  
  20  1:42  Factory  
  20  1:53  SCV  
  21  2:00  Barracks Reactor  
  21  2:05  SCV  
  22  2:17  SCV  
  22  2:20  Command Center  
  23  2:25  Hellion  
  23  2:29  SCV  
  26  2:33  Supply Depot  
  26  2:37  Reaper  
  26  2:38  Reaper  
  26  2:41  SCV  
  29  2:47  Hellion  
  31  2:55  SCV  
  32  2:59  Starport  
  32  3:04  Refinery  
  32  3:07  SCV  
  32  3:10  Reaper  
  32  3:11  Reaper  
  35  3:16  Hellion  
  37  3:21  SCV  
  38  3:32  Orbital Command  
  38  3:35  SCV, Starport Tech Lab  
  38  3:38  Cyclone  
  41  3:42  Marine  
  41  3:43  Marine  
  43  3:50  SCV  
  43  3:54  Supply Depot  
  43  3:55  Raven  
  46  3:58  Interference Matrix  
  46  4:01  SCV  
  46  4:02  SCV  
  46  4:10  Marine x2  
  46  4:13  SCV, Factory Tech Lab  
  46  4:14  SCV  
  48  4:22  Supply Depot  
  48  4:25  SCV  
  48  4:26  SCV  
  48  4:31  Raven  
  51  4:33  Siege Tank  
  51  4:37  SCV  
  55  4:40  SCV, Marine x2  
  56  4:49  SCV  
  56  4:50  Supply Depot  
  56  4:52  SCV  
  58  4:58  Supply Depot  
  58  5:01  SCV, Marine x2  
  58  5:04  SCV  
  58  5:05  Siege Tank  
  58  5:06  Raven  
  67  5:13  Supply Depot  
  67  5:14  SCV  
  67  5:16  SCV  
  67  5:20  Marine x2  
  70  5:26  SCV  
  70  5:28  SCV  
  72  5:31  Supply Depot  
  72  5:37  Siege Tank  
  72  5:38  SCV  
  72  5:40  SCV  
  72  5:50  SCV  
  72  5:51  Marine  
  72  5:52  Stimpack, SCV, Viking x2  
  79  6:01  Command Center  
  79  6:02  SCV  
  80  6:04  SCV  
  80  6:05  Refinery  
  80  6:07  Barracks  
  80  6:08  Barracks  
  81  6:14  SCV  
  81  6:15  Siege Tank  
  81  6:16  SCV, Marine  
  87  6:25  Engineering Bay  
  87  6:26  SCV  
  87  6:28  Engineering Bay  
  87  6:29  SCV  
  89  6:35  Marine  
  89  6:36  Viking x2  
  89  6:38  SCV  
  95  6:41  SCV  
  96  6:47  Siege Tank  
  96  6:50  SCV  
  96  6:53  SCV  
  96  6:54  Supply Depot  
  101  6:55  Terran Infantry Weapons Level 1, Terran Infantry Armor Level 1  
  101  7:02  SCV  
  101  7:05  Barracks Reactor x2, Refinery  
  101  7:07  Refinery  
  102  7:08  Marine  
  102  7:09  SCV  
  102  7:13  Viking  
  102  7:14  Orbital Command  
  102  7:15  SCV  
  105  7:19  Viking  
  105  7:22  SCV  
  108  7:27  SCV  
  109  7:35  Marine  
  94  7:41  Siege Tank  
  94  7:43  SCV x2  
  90  7:46  Marine x4  
  90  7:50  Combat Shield  
  91  7:53  SCV, Barracks  
  91  7:54  Marine  
  91  7:55  SCV, Medivac x2, Barracks  
  98  8:01  Sensor Tower, Command Center  
  98  8:07  SCV x3  
  98  8:12  Marine x3  
  103  8:13  Armory, Marine  
  103  8:15  Marine  
  103  8:19  Siege Tank  
  109  8:24  SCV x3  
  112  8:30  Marine x2  
  114  8:34  Marine x3  
  114  8:36  Factory  
  114  8:40  Medivac x2  
  121  8:42  Barracks Reactor  
  121  8:47  SCV  
  121  8:48  SCV x2, Barracks Reactor  
  124  8:54  Marine  
  125  8:58  Marine x2  
  125  9:00  Missile Turret  
  125  9:12  SCV x3, Marine x3, Missile Turret  
  125  9:15  Sensor Tower  
  125  9:16  Supply Depot x2  
  132  9:18  Siege Tank  
  132  9:20  Terran Infantry Weapons Level 2, Terran Infantry Armor Level 2  
  132  9:21  Marine x3  
  137  9:24  SCV, Medivac  
  137  9:28  Barracks Reactor  
  140  9:31  Barracks  
  140  9:32  Barracks  
  140  9:34  Planetary Fortress, Barracks  
  140  9:35  Marine x5  
  140  9:36  Medivac  
  147  9:42  Marine x3  
  150  9:47  Missile Turret  
  150  9:49  Missile Turret  
  149  9:53  Marine x3  
  152  10:01  Terran Vehicle Weapons Level 1  
  152  10:02  Refinery, Marine x5  
  152  10:03  Refinery  
  152  10:05  Supply Depot  
  156  10:08  Supply Depot x2  
  156  10:09  Marine x2  
  156  10:11  Marine x3  
  139  10:17  Siege Tank  
  139  10:20  Marine x8  
  133  10:27  Marine x2  
  135  10:28  Marine  
  135  10:29  Marine x2  
  138  10:37  Siege Tank, Marine  
  138  10:38  Marine x6  
  137  10:43  Medivac x2  
  137  10:45  Marine x2  
  137  10:46  Marine  
  137  10:47  Marine x2  
  139  10:53  Siege Tank  
  139  10:55  Marine x2  
  139  10:56  Marine x2  
  147  10:57  Barracks Reactor  
  147  10:58  Barracks Reactor, Barracks  
  147  11:02  Missile Turret  
  147  11:03  Missile Turret  
  146  11:07  Marine x3  
  146  11:08  Marine x3  
  150  11:13  Medivac x2, Marine  
  150  11:14  Marine x2  
  150  11:16  Marine  
  134  11:23  Siege Tank  
  134  11:25  Marine x4  
  127  11:26  Marine  
  127  11:28  Siege Tank, Marine  
  127  11:31  Marine  
  137  11:38  Marine x3  
  127  11:42  Marine x2  
  127  11:44  Marine x4  
  127  11:45  Marine x3  
  137  11:47  Barracks Reactor  
Show
View Real Time Build Order
Export as new Build Order

AqueroN Terran - Winner!

Build Orders:  

Get SALT Encoding   

  12  0:00  SCV  
  13  0:12  SCV  
  14  0:16  Supply Depot  
  14  0:24  SCV  
  15  0:38  SCV  
  15  0:40  Barracks  
  15  0:42  Refinery  
  16  0:50  SCV  
  16  0:52  Refinery  
  17  1:02  SCV  
  18  1:15  SCV  
  19  1:27  Orbital Command, Reaper  
  19  1:30  Supply Depot  
  20  1:42  Factory  
  20  1:53  SCV  
  21  1:59  Reaper  
  22  2:05  SCV  
  23  2:17  Command Center  
  23  2:19  SCV  
  24  2:26  Hellion  
  26  2:32  SCV, Reaper  
  28  2:37  Supply Depot  
  28  2:44  Starport  
  28  2:47  SCV  
  28  2:51  Widow Mine  
  31  2:59  SCV  
  31  3:05  Barracks Tech Lab  
  32  3:11  SCV  
  35  3:12  Cyclone  
  35  3:21  Refinery  
  35  3:23  SCV  
  36  3:28  Banshee  
  36  3:30  Orbital Command  
  39  3:35  SCV, Barracks Reactor  
  40  3:45  Factory Tech Lab  
  40  3:47  SCV  
  41  3:50  Supply Depot  
  41  3:55  SCV  
  42  3:59  SCV  
  43  4:04  Siege Tank  
  43  4:07  SCV  
  45  4:11  Marine x2  
  45  4:13  Raven  
  45  4:14  SCV  
  49  4:19  SCV  
  50  4:26  SCV, Supply Depot  
  51  4:31  SCV  
  51  4:33  Marine x2  
  52  4:41  SCV  
  52  4:42  Siege Tank  
  52  4:43  SCV  
  57  4:48  Command Center  
  57  4:49  Raven  
  59  4:54  SCV  
  59  4:56  SCV, Supply Depot  
  59  4:57  Marine x2  
  63  5:03  Supply Depot  
  63  5:06  SCV  
  64  5:09  SCV  
  65  5:14  Marine  
  65  5:16  Siege Tank, Marine  
  65  5:18  SCV  
  65  5:21  Supply Depot  
  71  5:23  SCV  
  71  5:25  Raven  
  74  5:30  SCV  
  74  5:32  Barracks  
  74  5:34  Barracks  
  74  5:35  SCV  
  76  5:42  Supply Depot  
  76  5:47  SCV x2  
  76  5:48  Marine x2  
  80  5:51  Siege Tank  
  83  5:57  Engineering Bay x2  
  83  6:04  SCV x2, Orbital Command  
  83  6:08  Interference Matrix, Marine x2  
  83  6:10  Raven  
  89  6:16  SCV  
  89  6:17  SCV  
  90  6:20  Barracks Tech Lab  
  90  6:21  Barracks Reactor  
  90  6:24  Terran Infantry Weapons Level 1  
  90  6:29  SCV x2  
  90  6:30  SCV  
  93  6:34  Marine x2  
  93  6:35  Terran Infantry Armor Level 1  
  92  6:41  SCV x2  
  92  6:42  SCV  
  92  6:43  Stimpack  
  95  6:48  Refinery x2  
  95  6:49  Marine  
  95  6:52  Marine x2  
  95  6:53  SCV x2  
  100  6:57  Supply Depot, Barracks  
  100  6:58  Barracks, Marine  
  100  6:59  Supply Depot, Marine  
  102  7:02  SCV  
  102  7:05  SCV, Siege Tank  
  102  7:07  Marine  
  106  7:14  Marine x2  
  108  7:16  Refinery, Marine x2  
  108  7:21  SCV x3  
  111  7:26  Starport Reactor  
  111  7:33  SCV x3  
  111  7:37  Siege Tank  
  111  7:42  Marine x4  
  112  7:46  SCV x3  
  112  7:48  Barracks Reactor x2  
  112  7:50  Armory  
  110  7:55  Command Center  
  110  8:01  Marine x3  
  110  8:02  Marine x2  
  110  8:03  Medivac x2  
  119  8:09  Siege Tank  
  119  8:11  SCV x3  
  119  8:12  Sensor Tower, Supply Depot  
  125  8:13  Supply Depot  
  125  8:19  Marine x2  
  127  8:25  Marine x3  
  127  8:26  Marine x3  
  133  8:28  Missile Turret  
  133  8:30  Missile Turret  
  133  8:33  Medivac x2  
  133  8:34  Combat Shield  
  137  8:38  Marine x3  
  137  8:41  Terran Infantry Weapons Level 2  
  140  8:45  Supply Depot  
  140  8:46  Terran Infantry Armor Level 2  
  140  8:47  Supply Depot, Marine x4  
  140  8:48  Marine x2  
  146  8:53  SCV x3  
  149  9:03  Terran Vehicle Weapons Level 1  
  149  9:06  Factory  
  149  9:08  Marine x6  
  149  9:09  Marine x2  
  157  9:11  SCV x3  
  160  9:22  Barracks x2  
  160  9:23  Supply Depot  
  160  9:24  Supply Depot, Barracks  
  160  9:26  Siege Tank  
  160  9:27  Marine x3  
  160  9:28  Marine x6  
  160  9:29  Medivac  
  174  9:45  Supply Depot  
  174  9:46  Supply Depot x2  
  174  9:47  Planetary Fortress, Starport x2  
  173  9:53  Marine x5  
  173  9:59  Siege Tank  
  162  10:21  Marine x5  
  159  10:22  Marine x4  
  159  10:23  Siege Tank  
  159  10:28  Medivac x2  
  175  10:31  Siege Tank  
  172  10:44  Marine x3  
  159  10:50  Marine x4  
  159  10:51  Marine x2  
  159  10:52  Barracks Reactor x2  
  159  10:53  Barracks Reactor  
  159  10:55  Siege Tank  
  159  10:56  Starport Tech Lab x2  
  168  11:01  Command Center  
  168  11:02  Marine x3  
  171  11:07  Marine  
  171  11:08  Marine x3  
  172  11:17  Marine x2  
  157  11:20  Marine x2  
  157  11:22  Marine  
  160  11:25  Marine x2  
  160  11:26  Medivac x2, Siege Tank, Marine x2  
  159  11:41  Marine x4  
  159  11:42  Marine x6  
Tags
 
Add a new tag
Caveats
  • Supply blocks, unpowered buildings, or Contaminate may cause inaccurate times.
  • Supply counts are checked every 10 seconds.